 Dungeon Crawl Stone Soup version 0.21.1-1-g345015fe64 (webtiles) character file.

1009 Lothor the Thaumaturge (level 8, -1/41 HPs)
             Began as a Deep Elf Wizard on Mar 31, 2018.
             Shot with an arrow by a centaur (3 damage)
             ... on level 5 of the Dungeon on Apr 1, 2018.
             The game lasted 00:33:06 (6861 turns).

Lothor the Thaumaturge (Deep Elf Wizard)            Turns: 6861, Time: 00:33:06

Health: -1/41      AC: 11    Str:  4    XL:     8   Next: 1%
Magic:  14/22      EV: 14    Int: 26    God:
Gold:   230        SH:  0    Dex: 13    Spells: 15/23 levels left

rFire    . . .     SeeInvis .   z - +0 hunting sling
rCold    . . .     Gourm    .   (no shield)
rNeg     + . .     Faith    .   C - +1 robe {rN+}
rPois    .         Spirit   .   b - +0 hat
rElec    .         Reflect  .   G - +1 cloak {MR+}
rCorr    .         Harm     .   r - +2 pair of gloves
MR       +....                  (no boots)
Stlth    +++.......             a - amulet of regeneration
HPRegen  0.53/turn              u - +3 ring of protection
MPRegen  0.18/turn              B - ring of flight

@: no status effects
A: no striking features
a: Evoke Flight


You were on level 5 of the Dungeon.
You were very full.

You visited 1 branch of the dungeon, and saw 5 of its levels.

You collected 230 gold pieces.

Inventory:

Hand Weapons
 z - a +0 hunting sling (weapon)
 D - a cursed -2 mace
 F - a +2 flail of protection
 I - a +0 flail of protection
Missiles
 j - 102 arrows
 k - 170 stones (quivered)
 o - 51 sling bullets
 x - 36 bolts
Armour
 b - a +0 hat (worn)
 r - a +2 pair of gloves (worn)
 C - a +1 robe of positive energy (worn)
 G - a +1 cloak of magic resistance (worn)
Jewellery
 a - an amulet of regeneration (around neck)
 u - a +3 ring of protection (left hand)
 w - an uncursed amulet of the gourmand
 B - a ring of flight (right hand)
Scrolls
 f - a scroll of random uselessness {unknown}
 g - a scroll of enchant weapon {unknown}
 h - 3 scrolls of enchant armour {unknown}
 i - 7 scrolls of identify
 m - a scroll of immolation
 q - a scroll of blinking {unknown}
 s - a scroll of noise {unknown}
 t - a scroll of remove curse
 y - a scroll of magic mapping {unknown}
 A - 3 scrolls of teleportation
 E - a scroll of fog {unknown}
Potions
 e - 2 potions of curing {unknown}
 l - a potion of haste {unknown}
 n - a potion of ambrosia {unknown}
 p - a potion of lignification {unknown}
 H - a potion of magic {unknown}
Books
 c - a book of Minor Magic

   Spells                             Type                      Level
   a - Magic Dart                     Conjuration                  1
   b - Blink                          Translocation                2
   c - Call Imp                       Summoning                    2
   d - Slow                           Hexes                        2
   e - Conjure Flame                  Conjuration/Fire             3
   f - Mephitic Cloud                 Conjuration/Poison/Air       3
 v - a book of Misfortune

   Spells                             Type                      Level
   a - Confusing Touch                Hexes                        1
   b - Confuse                        Hexes                        3
   c - Gell's Gravitas                Translocation                3
   d - Petrify                        Transmutation/Earth          4
   e - Metabolic Englaciation         Hexes/Ice                    5
   f - Yara's Violent Unravelling     Hexes/Transmutation          5
Comestibles
 d - 8 rations


   Skills:
 + Level 4.8 Dodging
 + Level 5.1 Stealth
 * Level 8.4 Spellcasting
 * Level 4.9 Conjurations
 + Level 3.5 Summonings
 - Level 1.1 Translocations


You had 15 spell levels left.
You knew the following spells:

 Your Spells              Type           Power        Failure   Level  Hunger
a - Magic Dart            Conj           ####         1%          1    None
b - Call Imp              Summ           ####....     1%          2    None
c - Blink                 Tloc           N/A          5%          2    None
d - Conjure Flame         Conj/Fire      ###.....     6%          3    None


Dungeon Overview and Level Annotations

Branches:
Dungeon (5/15)
 Temple: D:4-7

Altars:
Gozag
Kikubaaqudgha
Makhleb
Ru
Sif Muna
Trog
Wu Jian
The Shining One


Message History

The centaur misses you.
You see here 2 arrows.
Casting: Magic Dart
Confirm with . or Enter, or press ? or * to list all spells.
Aiming: Magic Dart
Press: ? - help, Shift-Dir - straight line, f/p - centaur
Aim: a centaur, wielding a spear (severely wounded, fast)
The magic dart hits the centaur.
The centaur is almost dead.
The centaur closely misses you.
The centaur hits you from afar with a spear!
The centaur hits you from afar with a spear!
* * * LOW HITPOINT WARNING * * *
The centaur hits you from afar with a spear!
* * * LOW HITPOINT WARNING * * *
Found an escape hatch in the ceiling.
The centaur unwields an uncursed spear.
The centaur wields an uncursed shortbow.
The centaur shoots an arrow.
The arrow hits you.
You die...

#.####.#
##..#.###.###.#######
####.###..#
#...##...........
......##
##....)..##.#..###.##...
.....#.# #...........#.
# #.##...
#....##.#..##..(..##.#
...#... ##.#.# #.#
#..#(###># #......
#.##.#####.##..(@.##.#
#.##... .#
#.......##((#..##.#
#.##... .#
#.########..#..##.#
.###..........§c......
.........####........≈
.###.###..........≈.≈≈.<
.###.## ####.#.%≈≈≈≈...
[.....## #.#5.≈.≈....
..##....... ..#.........


You could see a centaur and a friendly crimson imp.

Vanquished Creatures
  A water moccasin (D:5)
  2 ice beasts (D:5)
  An orc wizard (D:4)
  A worker ant (D:3)
  3 adders
  An ooze (D:2)
  A worm (D:4)
  A dart slug (D:1)
  A leopard gecko (D:2)
  9 orcs
  3 giant cockroaches
  8 goblins
  5 hobgoblins
  4 quokkas (D:2)
  6 bats
  A frilled lizard (D:2)
  6 kobolds
  4 rats
58 creatures vanquished.

Vanquished Creatures (collateral kills)
  Prince Ribbit (D:5)
  Sigmund (D:2)
  Edmund (D:5)
  3 ogres
  Blork the orc (D:5)
  5 orc wizards
  A hound zombie (D:5)
  8 gnolls
  An adder (D:3)
  An ooze (D:4)
  A worm (D:2)
  2 leopard geckos
  13 orcs
  2 bats
  A giant cockroach (D:5)
  A goblin (D:3)
  A hobgoblin (D:2)
  4 jackals (D:4)
  A quokka (D:4)
  2 kobolds
  2 rats (D:3)
53 creatures vanquished.

Grand Total: 111 creatures vanquished

Notes
Turn   | Place    | Note
-------+----------+-------------------------------------------
     0 | D:1      | Lothor the Deep Elf Wizard began the quest for the Orb.
     0 | D:1      | Reached XP level 1. HP: 10/10 MP: 7/7
   278 | D:1      | Reached skill level 5 in Spellcasting
   363 | D:1      | Reached XP level 2. HP: 15/15 MP: 8/10
  1486 | D:2      | Reached XP level 3. HP: 17/19 MP: 7/12
  1521 | D:1      | Learned a level 2 spell: Call Imp
  1692 | D:2      | Found a sacrificial altar of Ru.
  2014 | D:2      | Found an ancient bone altar of Kikubaaqudgha.
  2066 | D:2      | Found an opulent altar of Gozag.
  2089 | D:2      | Found an ornate altar of the Wu Jian Council.
  2162 | D:2      | Found a deep blue altar of Sif Muna.
  2224 | D:2      | Found a glowing golden altar of the Shining One.
  2247 | D:2      | Noticed Sigmund
  2449 | D:2      | Killed Sigmund
  2449 | D:2      | Reached skill level 6 in Spellcasting
  2449 | D:2      | Reached XP level 4. HP: 10/24 MP: 7/14
  3074 | D:2      | Reached XP level 5. HP: 14/28 MP: 7/15
  3546 | D:2      | Found a burning altar of Makhleb.
  3607 | D:3      | Noticed an ogre
  3670 | D:3      | Killed an ogre
  4517 | D:3      | Learned a level 2 spell: Blink
  4773 | D:4      | Reached XP level 6. HP: 32/32 MP: 11/17
  5052 | D:4      | Reached skill level 7 in Spellcasting
  6140 | D:5      | Entered Level 5 of the Dungeon
  6145 | D:5      | Noticed an ice beast
  6231 | D:5      | Found a bloodstained altar of Trog.
  6250 | D:5      | Noticed Edmund
  6345 | D:5      | Killed Edmund
  6345 | D:5      | Reached XP level 7. HP: 36/36 MP: 5/19
  6667 | D:5      | Reached skill level 8 in Spellcasting
  6676 | D:5      | Learned a level 3 spell: Conjure Flame
  6677 | D:5      | Noticed Prince Ribbit
  6706 | D:5      | Killed Prince Ribbit
  6706 | D:5      | Reached skill level 5 in Stealth
  6824 | D:5      | Noticed Blork the orc
  6839 | D:5      | Killed Blork the orc
  6839 | D:5      | Reached XP level 8. HP: 39/41 MP: 15/22
  6860 | D:5      | HP: 1/41 [centaur/spear (7)]
  6861 | D:5      | Shot with an arrow by a centaur

Skill      XL: |  1  2  3  4  5  6  7 |
---------------+----------------------+-----
Spellcasting   | 5 6 7 8 |  8.4
Dodging        | 3 4 |  4.8
Stealth        | 3 4 5 |  5.1
Conjurations   | 2 3 4 |  4.9
Summonings     | 2 3 |  3.5
Translocations | |  1.1

Action                   |  1- 3 |  4- 6 |  7- 9 || total
-------------------------+-------+-------+-------++-------
Melee: Club              |       |     9 |       ||     9
 Fire: Hunting sling     |       |       |     6 ||     6
 Cast: Magic Dart        |    98 |    86 |    41 ||   225
       Call Imp          |    17 |    86 |    12 ||   115
  Use: Scroll            |       |     4 |       ||     4
  Eat: Chunk             |     4 |    28 |     1 ||    33
Armor: Robe              |     3 |    44 |    12 ||    59
Dodge: Dodged            |    29 |    90 |    28 ||   147
